 Dungeon Crawl Stone Soup version 0.29.1-1-gd02db6906a (webtiles) character file.

Game seed: 9776190752058733384

23 Sabo the Chopper (level 2, 0/40 HPs)
             Began as a Minotaur Berserker on Oct 20, 2022.
             Was a Follower of Trog.
             Succumbed to an adder's poison
             ... on level 2 of the Dungeon.
             The game lasted 00:06:28 (831 turns).

Sabo the Chopper (Minotaur Berserker)                Turns: 831, Time: 00:06:29

Health: 0/40       AC:  5    Str: 21    XL:     2   Next: 75%
Magic:  1/1        EV: 11    Int:  4    God:    Trog [*.....]
Gold:   81         SH:  0    Dex:  9    Spells: 1/1 levels left

rFire   . . .      SeeInvis .   g - +0 sling (freeze)
rCold   . . .      Faith    .   (no shield)
rNeg    + . .      Spirit   .   q - +0 ring mail
rPois   .          Reflect  .   (helmet restricted)
rElec   .          Harm     .   (no cloak)
rCorr   .          Rampage  .   (no gloves)
Will    .....                   (no boots)
Stlth   ..........              (no amulet)
HPRegen 0.13/turn               p - ring of positive energy
MPRegen 0.07/turn               (no ring)

@: berserking, lethally poisoned (0 -> -3), hasted, very quick
A: horns 2, retaliatory headbutt
a: Renounce Religion, Berserk


You were on level 2 of the Dungeon.
You worshipped Trog.
Trog was aware of your devotion.
You visited 1 branch of the dungeon, and saw 2 of its levels.

You collected 81 gold pieces.

Inventory:

Hand Weapons
 a - a +0 hand axe
 g - a +0 sling of freezing (weapon)
Missiles
 i - 2 boomerangs
 l - 3 poisoned darts
Armour
 q - a +0 ring mail (worn)
Jewellery
 p - a ring of positive energy (left hand)
Scrolls
 d - 2 scrolls of identify {unknown}
 n - a scroll of teleportation {unknown}
 o - a scroll of fear {unknown}
Potions
 e - 2 potions of magic {unknown}
 f - a potion of brilliance {unknown}
 h - a potion of curing {unknown}
 j - a potion of haste
 k - a potion of heal wounds {unknown}
 m - a potion of might {unknown}


   Skills:
 + Level 4.0 Fighting
 + Level 4.3 Axes
 + Level 0.6 Ranged Weapons
 + Level 2.5 Armour
 + Level 2.2 Dodging


You had one spell level left.
You didn't know any spells.
Your spell library was empty.

Dungeon Overview and Level Annotations

Branches:
Dungeon (2/15)

Altars:


Innate Abilities, Weirdness & Mutations

You have a pair of horns on your head.
You reflexively headbutt those who attack you in melee.


Message History

The sling bullet closely misses the kobold.
The sling bullet closely misses the frilled lizard.
You feel sick.
You are no longer poisoned.
The adder bites you.
* * * LOW HITPOINT WARNING * * *
You are lethally poisoned!
The adder poisons you! The adder bites you but does no damage.
It was a potion of haste.
You feel yourself speed up.
* * * LOW HITPOINT WARNING * * *
You feel sick. The adder closely misses you.
It was a potion of berserk rage.
A red film seems to cover your vision as you go berserk!
You feel yourself moving faster!
You feel mighty!
* * * LOW HITPOINT WARNING * * *
You feel sick. The adder closely misses you.
Unknown command.
You are too berserk!
Really attack while wielding your +0 sling of freezing? [Y]es or [N]o only, please.
Really attack while wielding your +0 sling of freezing? [Y]es or [N]o only, please.
Really attack while wielding your +0 sling of freezing? [Y]es or [N]o only, please.
Really attack while wielding your +0 sling of freezing? [Y]es or [N]o only, please.
Really attack while wielding your +0 sling of freezing? [Y]es or [N]o only, please.
Really attack while wielding your +0 sling of freezing? [Y]es or [N]o only, please.
Really attack while wielding your +0 sling of freezing? [Y]es or [N]o only, please.
Really attack while wielding your +0 sling of freezing?
Okay, then.
You are too berserk!
Unknown command.
You are too berserk!
Unknown command.
You feel a strong urge to attack something.
You die...

################
....lKS.@......#
.....#########.#
.## #.#######
#.[.#...
#######.#.#.####
...............#
....###........#
## #........###
#...........


You could see an adder, a kobold and a frilled lizard.

Vanquished Creatures
  A gnoll (D:1)
  2 endoplasms (D:2)
  A giant cockroach (D:1)
  3 goblins
  A hobgoblin (D:1)
  A quokka (D:2)
  A ball python (D:2)
  A bat (D:1)
  A frilled lizard (D:1)
  A rat (D:1)
13 creatures vanquished.

Notes
Turn   | Place    | Note
-------+----------+-------------------------------------------
     0 | D:1      | Sabo the Minotaur Berserker began the quest for the Orb.
     0 | D:1      | Reached XP level 1. HP: 19/19 MP: 0/0
   467 | D:1      | Reached XP level 2. HP: 25/27 MP: 1/1
   491 | D:1      | Found a faded altar of an unknown god.
   829 | D:2      | HP: 1/27 [poisoned by an adder]
   831 | D:2      | Succumbed to an adder's poison

Illustrated notes

Levels and vault maps discovered:
D:1:      eino_arrival_water_star, layout_rooms,
          hellmonk_ecumenical_altar_blasted, supply_closet_lemuel
D:2:      layout_loops_ring, serial_aquarium, aquarium_bridge_square
          [aquarium_subvault_bridge, aquarium_subvault_wall,
          aquarium_subvault_wall, aquarium_subvault_wall],
          aquarium_bridge_island_small [aquarium_subvault_small_open,
          aquarium_subvault_wall, aquarium_subvault_bridge,
          aquarium_subvault_wall, aquarium_subvault_bridge], aquarium_window_1,
          aquarium_window_1, aquarium_window_fake, aquarium_view_2c,
          aquarium_view_2d, aquarium_pool_2, uniq_natasha

Skill      XL: |  1  2 |
---------------+-------+-----
Axes           | 4 |  4.3
Fighting       | 4 |  4.0
Ranged Weapons | |  0.6
Armour         | |  2.5
Dodging        | |  2.2

Action                   || total
-------------------------++-------
 Fire: Sling             ||    42
  Use: Potion            ||     2
Armor: Animal skin       ||     1
       Ring mail         ||     4
Dodge: Dodged            ||    16
